 Dungeon Sprint DCSS version 0.21-a0-278-ga722497 (webtiles) character file.

26854 Kidiri the Fencer (level 13, -5/124 HPs)
             Began as a Purple Draconian Monk on Sept 20, 2017.
             Was a High Priest of Wu Jian.
             Killed from afar by an orb of fire (47 damage)
             ... with a bolt of fire
             ... in the Dungeon (Sprint VII: "The Pits").
             The game lasted 00:20:49 (4539 turns).

Kidiri the Fencer (Purple Draconian Monk)           Turns: 4539, Time: 00:20:50

Health: -5/124     AC: 12    Str: 16    XL:     13   Next: 1%
Magic:  21/21      EV: 23    Int: 11    God:    Wu Jian [*****.]
Gold:   54         SH:  0    Dex: 14    Spells: 15/23 levels left

rFire    + . .     SeeInvis .   v - +2 scimitar (flame)
rCold    + . .     Gourm    .   (no shield)
rNeg     + . .     Faith    .   (armour unavailable)
rPois    .         Spirit   .   (helmet restricted)
rElec    +         Reflect  .   (no cloak)
rCorr    .         Harm     .   (no gloves)
MR       .....     NoTele   +   a - +0 pair of boots
Stlth    +++.......             (no amulet)
HPRegen  0.30/turn              A - ring "Dupo" {rElec rF+ rC+ rN+ MR-}
MPRegen  0.17/turn              s - +3 ring of protection

@: short of breath, glowing, heavenly storm
A: breathe power, unfitting armour, clumsy 1, cold-blooded, AC +8
a: Breathe Dispelling Energy, Serpent's Lash, Heavenly Storm, Renounce Religion


You were in the Dungeon.
You worshipped Wu Jian.
Wu Jian was extremely pleased with you.
You were not hungry.

You visited 1 branch You collected 54 gold pieces.

Inventory:

Hand Weapons
 v - a +2 scimitar of flaming (weapon)
Armour
 a - a +0 pair of boots (worn)
Jewellery
 p - an uncursed ring of positive energy
 r - a +3 ring of intelligence
 s - a +3 ring of protection (right hand)
 z - an uncursed ring of protection from cold
 A - the ring "Dupo" (left hand) {rElec rF+ rC+ rN+ MR-}
   (You took it off an orc high priest in the Dungeon)

   [ring of positive energy]

   It protects you from fire.
   It protects you from cold.
   It insulates you from electricity.
   It protects you from negative energy.
   It affects your resistance to hostile enchantments.
 B - an uncursed ring of protection from magic
Scrolls
 h - 3 scrolls of blinking
 k - 4 scrolls of remove curse
 l - 5 scrolls of amnesia
 m - a scroll of summoning
 q - a scroll of recharging
 w - 4 scrolls of enchant weapon
 x - 4 scrolls of enchant armour
 y - a scroll of fear
Potions
 c - 9 potions of curing
 d - 7 potions of heal wounds
 e - 3 potions of haste
 f - 4 potions of magic
 g - 5 potions of berserk rage
 j - 2 potions of invisibility
 t - 2 potions of might
 u - 2 potions of brilliance
Comestibles
 b - 12 bread rations
 n - 29 fruits
 o - 9 meat rations


   Skills:
 + Level 14.2 Fighting
 * Level 17.4 Long Blades
 * Level 16.3 Dodging
 * Level 17.4 Stealth
 + Level 5.8 Spellcasting
 + Level 5.5 Earth Magic


You had 15 spell levels left.
You knew the following spells:

 Your Spells              Type           Power        Failure   Level  Hunger
a - Stone Arrow           Conj/Erth      #.....       19%         3    ###....
b - Lee's Rapid Deconstr  Erth           ###.......   50%         5    ######.


Dungeon Overview and Level Annotations

Branches:
Dungeon (1/1)

Altars:
Ashenzari
Cheibriados
Dithmenos
Elyvilon
Fedhas
Gozag
Hepliaklqana
Kikubaaqudgha
Makhleb
Nemelex Xobeh
Okawaru
Qazlal
Ru
Sif Muna
Trog
Uskayaw
Vehumet
Wu Jian
Xom
Yredelemnul
Zin
The Shining One
Beogh
Jiyva
Lugonu

Annotations:
D exclusions: 10 doors and 8 more exclusions


Innate Abilities, Weirdness & Mutations

You can breathe bolts of dispelling energy.
Your rich purple scales are hard. (AC +8)
You cannot fit into any form of body armour.
You are cold-blooded and may be slowed by cold attacks.
You are clumsy. (Dex -2)


Message History

You slice the orb of fire!!
The orb of fire is moderately damaged.
The orb of fire glows yellow.
Strange energies course through your body.
You closely miss the orb of fire.
The orb of fire is moderately damaged.
You hit the orb of fire but do no damage.
The orb of fire is moderately damaged.
You closely miss the orb of fire.
The orb of fire is moderately damaged.
You miss the orb of fire.
The orb of fire is moderately damaged.
The orb of fire glows yellow.
The fireball explodes!
The fireball engulfs you! You resist.
The fireball engulfs the orb of fire.
The orb of fire completely resists.
You hit the orb of fire.
The orb of fire is moderately damaged.
The orb of fire glows red.
The bolt of fire hits you! You resist.
You die...

#+# #§# #*# #@#
#+# #§# #+#
################§#
.............§§§§#
....[........§§§§#
+##############§§#
#§§#


You could see an orb of fire.

Vanquished Creatures
  A Brimstone Fiend (D)
  A vampire knight (D)
  A yellow draconian (D)
  A white draconian (D)
  A blizzard demon (D)
  An eidolon (D)
  A minotaur (D)
  A hydra (D)
  A merfolk aquamancer (D)
  An alligator snapping turtle (D)
  2 orc high priests (D)
  A dancing weapon (D)
  A shadow wraith (D)
  An unseen horror (D)
  A phantasmal warrior (D)
  An orc sorcerer (D)
  A cyclops (D)
  A deep elf mage (D)
  A manticore (D)
  2 rust devils (D)
  A molten gargoyle (D)
  An eye of devastation (D)
  3 spiny frogs (D)
  3 kobold demonologists (D)
  2 demonic crawlers (D)
  3 guardian mummies (D)
  A wandering mushroom (D)
  2 hellwings (D)
  A merfolk (D)
  2 red devils (D)
  A jumping spider (D)
  A hornet (D)
  A meliai (shapeshifter) (D)
  A troll (D)
  A bog body (D)
  3 dream sheep (D)
  A hippogriff (D)
  10 blink frogs (D)
  A flying skull (D)
  2 spriggans (D)
  A wraith (D)
  4 water elementals (D)
  A ynoxinul (D)
  A wyvern (D)
  A basilisk (D)
  A neqoxec (D)
  A golden eye (D)
  A steam dragon (D)
  A soldier ant (D)
  A porcupine (D)
  A floating eye (D)
  A swamp drake (D)
  2 orc warriors (D)
  An eye of draining (D)
  A wolf (D)
  An earth elemental (D)
  5 wights (D)
  9 killer bees (D)
  A quasit (D)
  3 orc priests (D)
  2 gnoll shamans (D)
  An iguana (D)
  An orc wizard (D)
  2 worker ants (D)
  A small abomination (D)
  9 gnolls (D)
  4 adders (D)
  An ooze (D)
  An adder skeleton (D)
  A worm (D)
  2 leopard geckos (D)
  6 orcs (D)
  2 giant cockroaches (D)
  A goblin (D)
  2 hobgoblins (D)
  A bat simulacrum (D)
  2 giant cockroach zombies (D)
  2 kobolds (D)
  A rat (D)
143 creatures vanquished.

Notes
Turn   | Place    | Note
-------+----------+-------------------------------------------
     0 | D        | Kidiri the Draconian Monk began the quest for the Orb.
     0 | D        | Reached XP level 1. HP: 19/19 MP: 1/1
    60 | D        | Found a bloodstained altar of Trog.
    60 | D        | Found a deep blue altar of Sif Muna.
    60 | D        | Found a viscous altar of Jiyva.
    60 | D        | Found a hazy altar of Hepliaklqana.
    60 | D        | Found an opulent altar of Gozag.
    62 | D        | Found a glowing golden altar of the Shining One.
    62 | D        | Found a glowing silver altar of Zin.
    62 | D        | Found a basalt altar of Yredelemnul.
    62 | D        | Found a shimmering altar of Xom.
    62 | D        | Found an ornate altar of the Wu Jian Council.
    62 | D        | Found a sacrificial altar of Ru.
    62 | D        | Found a stormy altar of Qazlal.
    62 | D        | Found an iron altar of Okawaru.
    62 | D        | Found a sparkling altar of Nemelex Xobeh.
    62 | D        | Found a burning altar of Makhleb.
    62 | D        | Found a blossoming altar of Fedhas.
    62 | D        | Found a white marble altar of Elyvilon.
    62 | D        | Found a shadowy altar of Dithmenos.
    62 | D        | Found a snail-covered altar of Cheibriados.
    64 | D        | Found a radiant altar of Vehumet.
    64 | D        | Found a corrupted altar of Lugonu.
    64 | D        | Found a roughly hewn altar of Beogh.
    65 | D        | Found a hide-covered altar of Uskayaw.
    65 | D        | Found an ancient bone altar of Kikubaaqudgha.
    65 | D        | Found a shattered altar of Ashenzari.
    71 | D        | Became a worshipper of the Wu Jian Council
    71 | D        | Reached * piety under Wu Jian
    71 | D        | Reached ** piety under Wu Jian
   190 | D        | Noticed a worker ant
   199 | D        | Killed a worker ant
   199 | D        | Reached XP level 2. HP: 17/27 MP: 2/2
   199 | D        | Reached XP level 3. HP: 21/33 MP: 3/3
   318 | D        | Reached *** piety under Wu Jian
   397 | D        | Reached **** piety under Wu Jian
   397 | D        | Reached skill level 5 in Long Blades
   409 | D        | Reached XP level 4. HP: 40/41 MP: 4/4
   415 | D        | Reached skill level 5 in Dodging
   416 | D        | Reached ***** piety under Wu Jian
   416 | D        | Reached skill level 5 in Fighting
   416 | D        | Reached skill level 5 in Stealth
   424 | D        | Reached XP level 5. HP: 38/48 MP: 5/5
   553 | D        | Noticed a cyclops
   562 | D        | Killed a cyclops
   562 | D        | Reached XP level 6. HP: 60/60 MP: 6/6
   562 | D        | Your scales start taking on a rich purple colour.
   562 | D        | Reached XP level 7. HP: 66/66 MP: 7/7
   674 | D        | Paralysed by a floating eye for 4 turns
   683 | D        | Paralysed by a floating eye for 3 turns
   907 | D        | Noticed a spriggan
   921 | D        | Reached XP level 8. HP: 19/74 MP: 8/8
   924 | D        | Reached skill level 10 in Long Blades
  1183 | D        | Noticed a troll
  1186 | D        | Noticed a jumping spider
  1189 | D        | Reached skill level 10 in Stealth
  1190 | D        | Killed a troll
  1190 | D        | Killed a jumping spider
  1190 | D        | Reached skill level 10 in Dodging
  1211 | D        | Noticed a hellwing
  1211 | D        | Noticed a kobold demonologist
  1211 | D        | Noticed a kobold demonologist
  1212 | D        | Noticed a hellwing
  1212 | D        | Noticed a soul eater
  1223 | D        | Killed a kobold demonologist
  1223 | D        | Reached XP level 9. HP: 60/83 MP: 9/9
  1224 | D        | Killed a kobold demonologist
  1225 | D        | Noticed a shadow wraith
  1228 | D        | Killed a hellwing
  1230 | D        | Killed a shadow wraith
  1232 | D        | Reached skill level 10 in Fighting
  1503 | D        | Noticed a demonic crawler
  1504 | D        | Noticed a demonic crawler
  1505 | D        | Killed a demonic crawler
  1512 | D        | Killed a demonic crawler
  1654 | D        | Noticed a red devil
  1657 | D        | Noticed a deep elf mage
  1658 | D        | Noticed a kobold demonologist
  1662 | D        | Paralysed by a hornet for 2 turns
  1666 | D        | Noticed a meliai
  1670 | D        | Killed a kobold demonologist
  1670 | D        | Reached XP level 10. HP: 19/94 MP: 10/10
  1671 | D        | Killed a deep elf mage
  1671 | D        | HP: 3/94 [meliai (shapeshifter) (4)]
  1677 | D        | Gained mutation: You are clumsy. (Dex -2) [a neqoxec]
  1688 | D        | HP: 4/94 [red devil/demon trident (2)]
  2057 | D        | Noticed a phantasmal warrior
  2067 | D        | Killed a phantasmal warrior
  2067 | D        | Reached ****** piety under Wu Jian
  2254 | D        | Noticed a spiny frog
  2257 | D        | Noticed a five-headed hydra
  2261 | D        | Noticed an unseen horror
  2261 | D        | Killed an unseen horror
  2263 | D        | Killed a spiny frog
  2265 | D        | Killed a two-headed hydra
  2268 | D        | Reached XP level 11. HP: 100/104 MP: 11/11
  2347 | D        | Found the +15 Maxwell's patent armour {-Cast -Tele rElec MR+ rCorr}
  2722 | D        | Reached skill level 15 in Long Blades
  2830 | D        | Noticed a merfolk aquamancer
  2836 | D        | Reached skill level 15 in Stealth
  2836 | D        | Killed a merfolk aquamancer
  3095 | D        | Noticed a minotaur
  3098 | D        | Killed a minotaur
  3179 | D        | Noticed a white draconian
  3179 | D        | Noticed a glaive of pain
  3183 | D        | Killed a white draconian
  3186 | D        | Killed a glaive of pain
  3186 | D        | Reached skill level 15 in Dodging
  3187 | D        | Reached XP level 12. HP: 20/115 MP: 12/12
  3228 | D        | Learned a level 3 spell: Stone Arrow
  3586 | D        | Noticed a vampire knight
  3589 | D        | Killed a vampire knight
  3589 | D        | Reached skill level 1 in Spellcasting
  3589 | D        | Reached skill level 1 in Earth Magic
  3600 | D        | Noticed a yellow draconian
  3604 | D        | Killed a yellow draconian
  3607 | D        | Noticed an eidolon
  3612 | D        | Killed an eidolon
  3634 | D        | Noticed a blizzard demon
  3639 | D        | Killed a blizzard demon
  3640 | D        | Noticed an orc high priest
  3645 | D        | Noticed an alligator snapping turtle
  3646 | D        | Killed an orc high priest
  3654 | D        | Noticed an orc high priest
  3658 | D        | Killed an orc high priest
  3663 | D        | Killed an alligator snapping turtle
  3663 | D        | Reached skill level 5 in Spellcasting
  3680 | D        | Got the ring "Dupo" {rElec rF+ rC+ rN+ MR-}
  3956 | D        | Identified Amiuluy's Grimoire of Creative Conjuration (You found it in the Dungeon)
  4018 | D        | Learned a level 5 spell: Lee's Rapid Deconstruction
  4071 | D        | Noticed a Brimstone Fiend
  4079 | D        | Killed a Brimstone Fiend
  4079 | D        | Reached skill level 5 in Earth Magic
  4079 | D        | Reached XP level 13. HP: 56/124 MP: 19/21
  4526 | D        | Noticed an orb of fire
  4539 | D        | Killed from afar by an orb of fire

Vault maps used:
D:        pitsprint

Skill      XL: |  1  2  3  4  5  6  7  8  9 10 11 12 |
---------------+-------------------------------------+-----
Stealth        | 3 4 5 8 9 10 12 14 15 17 | 17.4
Dodging        | 3 4 5 8 9 10 12 13 15 16 | 16.3
Fighting       | 4 5 7 8 9 10 11 13 14 | 14.2
Long Blades    | 4 5 6 8 9 11 12 14 16 17 | 17.4
Spellcasting   | 5 |  5.8
Earth Magic    | 5 |  5.5

Action                   |  1- 3 |  4- 6 |  7- 9 | 10-12 | 13-15 || total
-------------------------+-------+-------+-------+-------+-------++-------
Melee: Falchion          |    44 |    34 |    51 |       |       ||   129
       Tailslap          |     5 |     6 |    14 |    47 |     2 ||    74
       Scimitar          |       |       |    60 |   268 |    15 ||   343
Invok: Heavenly Storm    |       |     2 |     3 |     6 |     2 ||    13
       Serpent's Lash    |       |     1 |     6 |    11 |       ||    18
 Abil: Breathe Dispellin |       |       |     1 |       |     1 ||     2
  Use: Potion            |       |       |     3 |     9 |       ||    12
       Scroll            |       |       |     1 |       |       ||     1
 Stab: Sleeping          |     2 |     2 |     3 |     9 |       ||    16
  Eat: Chunk             |       |       |     3 |     1 |       ||     4
       Fruit             |       |       |       |    11 |       ||    11
Armor: Skin              |     4 |     2 |    22 |    25 |       ||    53
Dodge: Dodged            |    32 |    18 |    88 |   140 |       ||   278
       Rpst.: Falchion   |    11 |     7 |     5 |       |       ||    23
       Scimitar          |       |       |    18 |    34 |       ||    52

Table legend:
 A = Spawn XP
 B = Non-spawn XP
 C = Spawn XP percentage of total XP
 D = Spawn monster count
 E = Non-spawn monster count
 F = Spawn count percentage of total count
 G = Total turns spent on level
                    A         B        C        D         E        F      G
               +---------+---------+-------+---------+---------+-------+---------
         Total |       0 |   38363 |   0.0 |       0 |     143 |   0.0 |  4539
               +---------+---------+-------+---------+---------+-------+---------
             D |       0 |   38363 |   0.0 |       0 |     143 |   0.0 |  4539
               +---------+---------+-------+---------+---------+-------+---------
